General information
- name: BNet
- type: Ladder team game (AT/RT)
- host: Battle.net
- saver: JamCity
map: Deadlands
- players: 8
- length: 45:41
- speed: Fast
- version: 1.28 W3XP
- replay type: Public
» download(370 KB)
Players
team 1 (loser)

»
acarefreenoob (
red | 160 APM | 4773 actions | 29:49)
7 Death Knight
3 Death Coil
3 Unholy Aura
1 Animate Dead
2 Dreadlord
1 Vampiric Aura
1 Sleep
» actions
| Assign group hotkey | 31 | |
| Basic commands | 226 | |
| Build / train | 87 | |
| ESC pressed | 26 | |
| Enter build submenu | 37 | |
| Enter hero's abilities submenu | 9 | |
| Right click | 1626 | |
| Select / deselect | 1250 | |
| Select group hotkey | 1352 | |
| Use ability | 129 | |
4773 total
» units
| Acolyte | 9 | |
| Ghoul | 6 | |
| Crypt Fiend | 19 | |
| Frost Wyrm | 16 | |
50 total
» upgrades
| Creature Attack | 3 | |
| Creature Carapace | 3 | |
| Web | 1 | |
| Burrow | 1 | |
| Freezing Breath | 2 | |
| Unholy Strength | 3 | |
| Unholy Armor | 2 | |
15 total
» buildings
| Altar of Darkness | 1 | |
| Ziggurat | 12 | |
| Crypt | 2 | |
| Graveyard | 2 | |
| Tomb of Relics | 1 | |
| Halls of the Dead | 1 | |
| Spirit Tower | 3 | |
| Black Citadel | 2 | |
| Sacrificial Pit | 1 | |
| Boneyard | 2 | |
| Necropolis | 2 | |
| Nerubian Tower | 2 | |
31 total
» build order
00:06 Altar of Darkness
00:23 Ziggurat
00:40 Crypt
01:28 Ziggurat
01:56 Graveyard
02:32 Ziggurat
02:39 Crypt
03:54 Tomb of Relics
04:49 Halls of the Dead
06:00 Ziggurat
07:38 Ziggurat
08:10 Spirit Tower
11:04 Black Citadel
11:05 Black Citadel
12:09 Sacrificial Pit
15:20 Graveyard
17:10 Spirit Tower
17:27 Boneyard
18:03 Boneyard
18:14 Necropolis
18:26 Necropolis
20:12 Ziggurat
20:13 Ziggurat
20:21 Ziggurat
20:22 Ziggurat
20:23 Ziggurat
20:26 Ziggurat
20:29 Ziggurat
21:04 Nerubian Tower
21:21 Spirit Tower
21:27 Nerubian Tower

»
JamCity (
pink | 56 APM | 2545 actions | 45:41)
7 Blademaster
3 Wind Walk
3 Critical Strike
1 Bladestorm
» actions
| Assign group hotkey | 93 | |
| Basic commands | 202 | |
| Build / train | 75 | |
| Enter build submenu | 60 | |
| Enter hero's abilities submenu | 7 | |
| Give item / drop item | 14 | |
| Remove unit from queue | 1 | |
| Right click | 906 | |
| Select / deselect | 460 | |
| Select group hotkey | 447 | |
| Use ability | 280 | |
2545 total
» units
| Peon | 10 | |
| Grunt | 4 | |
| Goblin Shredder | 2 | |
| Troll Batrider | 3 | |
| Goblin Zeppelin | 1 | |
| Goblin Sapper | 7 | |
| Wind Rider | 5 | |
| Acolyte | 1 | |
| Demolisher | 2 | |
35 total
» upgrades
| Troll Regeneration | 1 | |
| Reinforced Defenses | 1 | |
| Ranged Weapons | 3 | |
| Armor | 3 | |
| Liquid Fire | 1 | |
| Envenomed Spears | 1 | |
| Burning Oil | 1 | |
11 total
» buildings
| Orc Burrow | 5 | |
| Altar of Storms | 1 | |
| Barracks | 1 | |
| Voodoo Lounge | 4 | |
| Stronghold | 1 | |
| War Mill | 2 | |
| Great Hall | 3 | |
| Fortress | 1 | |
| Watch Tower | 50 | |
| Beastiary | 6 | |
74 total
» build order
00:12 Orc Burrow
00:55 Altar of Storms
01:02 Orc Burrow
01:07 Barracks
01:50 Voodoo Lounge
02:44 Stronghold
03:27 Voodoo Lounge
03:53 War Mill
04:08 Orc Burrow
04:43 Great Hall
05:07 Fortress
06:51 Watch Tower
06:52 Watch Tower
06:52 Watch Tower
06:53 Watch Tower
07:22 Beastiary
07:22 Beastiary
07:54 Beastiary
08:48 Orc Burrow
08:55 Beastiary
10:40 War Mill
15:58 Great Hall
16:06 Voodoo Lounge
16:07 Watch Tower
16:07 Watch Tower
16:08 Watch Tower
16:08 Watch Tower
16:11 Watch Tower
16:11 Watch Tower
16:11 Watch Tower
16:12 Watch Tower
16:12 Watch Tower
16:13 Watch Tower
16:14 Watch Tower
16:15 Watch Tower
16:22 Voodoo Lounge
18:37 Watch Tower
18:38 Watch Tower
18:39 Watch Tower
18:39 Watch Tower
18:41 Watch Tower
19:08 Watch Tower
19:09 Watch Tower
19:12 Watch Tower
19:16 Watch Tower
22:45 Orc Burrow
22:52 Watch Tower
22:53 Watch Tower
22:54 Watch Tower
22:55 Watch Tower
22:56 Watch Tower
22:57 Watch Tower
22:58 Watch Tower
23:01 Watch Tower
23:01 Watch Tower
23:02 Watch Tower
23:03 Watch Tower
23:04 Watch Tower
23:13 Beastiary
23:15 Beastiary
24:35 Watch Tower
24:35 Watch Tower
24:37 Watch Tower
24:37 Watch Tower
24:38 Watch Tower
29:43 Great Hall
29:49 Watch Tower
29:49 Watch Tower
29:50 Watch Tower
29:51 Watch Tower
29:52 Watch Tower
29:52 Watch Tower
29:52 Watch Tower
29:53 Watch Tower
» items
| Healing Salve | 4 | |
| Lesser Clarity Potion | 3 | |
| Potion of Mana | 3 | |
| Orb of Lightning | 1 | |
| Potion of Healing | 1 | |
| Periapt of Vitality | 1 | |
| Staff of Teleportation | 1 | |
| Potion of Lesser Invulnerability | 2 | |
| Scroll of Healing | 1 | |
| Scroll of Town Portal | 1 | |
18 total

»
mulhaminator54 (
orange | 26 APM | 1195 actions | 45:41)
5 Crypt Lord
3 Carrion Beetles
2 Spiked Carapace
4 Death Knight
2 Death Coil
1 Death Pact
1 Unholy Aura
» actions
| Assign group hotkey | 6 | |
| Basic commands | 5 | |
| Build / train | 55 | |
| Enter build submenu | 40 | |
| Enter hero's abilities submenu | 9 | |
| Right click | 648 | |
| Select / deselect | 359 | |
| Select group hotkey | 15 | |
| Use ability | 58 | |
1195 total
» units
| Acolyte | 8 | |
| Ghoul | 4 | |
| Crypt Fiend | 2 | |
| Frost Wyrm | 13 | |
27 total
» upgrades
| Creature Attack | 3 | |
| Creature Carapace | 3 | |
| Freezing Breath | 1 | |
7 total
» buildings
| Altar of Darkness | 3 | |
| Ziggurat | 16 | |
| Crypt | 3 | |
| Graveyard | 1 | |
| Nerubian Tower | 2 | |
| Halls of the Dead | 1 | |
| Spirit Tower | 5 | |
| Black Citadel | 1 | |
| Sacrificial Pit | 1 | |
| Tomb of Relics | 1 | |
| Boneyard | 3 | |
| Necropolis | 1 | |
38 total
» build order
00:09 Altar of Darkness
00:11 Ziggurat
00:50 Crypt
01:01 Ziggurat
01:17 Graveyard
02:43 Nerubian Tower
03:10 Halls of the Dead
03:57 Ziggurat
03:59 Spirit Tower
06:16 Ziggurat
06:18 Ziggurat
06:21 Ziggurat
06:41 Black Citadel
07:08 Sacrificial Pit
07:11 Spirit Tower
07:16 Ziggurat
07:24 Ziggurat
07:34 Tomb of Relics
07:39 Nerubian Tower
07:46 Ziggurat
07:56 Spirit Tower
08:20 Spirit Tower
08:23 Spirit Tower
09:06 Boneyard
09:13 Boneyard
09:15 Boneyard
20:11 Ziggurat
20:13 Ziggurat
20:14 Ziggurat
20:18 Ziggurat
20:21 Ziggurat
25:46 Ziggurat
31:37 Crypt
31:42 Crypt
31:49 Altar of Darkness
33:01 Necropolis
33:04 Ziggurat
33:08 Altar of Darkness
» items
DYBALA (
green | 22 APM | 989 actions | 45:41)
5 Far Seer
3 Feral Spirit
2 Chain Lighting
» actions
| Assign group hotkey | 29 | |
| Basic commands | 6 | |
| Build / train | 67 | |
| Enter build submenu | 32 | |
| Enter hero's abilities submenu | 5 | |
| Give item / drop item | 3 | |
| Remove unit from queue | 1 | |
| Right click | 261 | |
| Select / deselect | 262 | |
| Select group hotkey | 262 | |
| Use ability | 61 | |
989 total
» units
| Peon | 17 | |
| Grunt | 13 | |
| Shaman | 5 | |
| Troll Witch Doctor | 5 | |
| Tauren | 5 | |
45 total
» upgrades
| Armor | 2 | |
| Melee Weapons | 2 | |
| Shaman Training | 2 | |
| Witch Doctor Training | 2 | |
| Pulverize | 1 | |
9 total
» buildings
| Orc Burrow | 7 | |
| Altar of Storms | 1 | |
| Barracks | 1 | |
| War Mill | 1 | |
| Watch Tower | 15 | |
| Stronghold | 1 | |
| Spirit Lodge | 2 | |
| Beastiary | 1 | |
| Fortress | 1 | |
| Great Hall | 1 | |
| Tauren Totem | 1 | |
32 total
» build order
00:23 Orc Burrow
00:36 Altar of Storms
00:53 Barracks
01:45 Orc Burrow
01:52 War Mill
02:34 Orc Burrow
03:37 Watch Tower
04:02 Stronghold
04:46 Orc Burrow
06:21 Watch Tower
06:59 Watch Tower
08:27 Watch Tower
09:52 Spirit Lodge
09:56 Beastiary
10:00 Watch Tower
10:18 Watch Tower
10:43 Fortress
10:48 Spirit Lodge
11:48 Great Hall
14:01 Watch Tower
15:13 Orc Burrow
15:41 Orc Burrow
16:07 Orc Burrow
16:55 Watch Tower
16:57 Watch Tower
17:40 Tauren Totem
17:53 Watch Tower
17:57 Watch Tower
18:05 Watch Tower
18:14 Watch Tower
18:23 Watch Tower
21:13 Watch Tower
» items
| Healing Salve | 2 | |
| Scroll of Town Portal | 1 | |
| Potion of Lesser Invulnerability | 1 | |
| Dust of Appearance | 1 | |
5 total
team 2 (winner)
kubanacan (
teal | 49 APM | 1468 actions | 30:13)
5 Mountain King
3 Storm Bolt
2 Bash
3 Paladin
2 Holy Light
1 Divine Shield
» actions
| Assign group hotkey | 30 | |
| Basic commands | 4 | |
| Build / train | 86 | |
| Enter build submenu | 37 | |
| Enter hero's abilities submenu | 8 | |
| Give item / drop item | 2 | |
| Remove unit from queue | 5 | |
| Right click | 537 | |
| Select / deselect | 305 | |
| Select group hotkey | 361 | |
| Use ability | 93 | |
1468 total
» units
| Peasant | 14 | |
| Footman | 9 | |
| Knight | 12 | |
| Siege Engine | 6 | |
41 total
» upgrades
| Masonry | 2 | |
| Lumber Harvesting | 2 | |
| Gunpowder | 3 | |
| Barrage | 1 | |
| Plating | 3 | |
| Animal War Training | 1 | |
12 total
» buildings
| Barracks | 1 | |
| Altar of Kings | 1 | |
| Farm | 13 | |
| Lumber Mill | 1 | |
| Arcane Vault | 3 | |
| Town Hall | 1 | |
| Scout Tower | 14 | |
| Keep | 1 | |
| Guard Tower | 8 | |
| Castle | 1 | |
| Blacksmith | 1 | |
| Workshop | 2 | |
47 total
» build order
00:46 Barracks
01:01 Altar of Kings
01:17 Farm
01:39 Lumber Mill
01:51 Farm
01:59 Farm
02:08 Farm
03:13 Arcane Vault
04:58 Town Hall
05:00 Scout Tower
05:04 Scout Tower
05:06 Scout Tower
05:08 Scout Tower
05:20 Keep
05:35 Guard Tower
05:40 Guard Tower
05:54 Guard Tower
06:22 Scout Tower
06:24 Scout Tower
06:27 Scout Tower
06:33 Scout Tower
06:37 Arcane Vault
06:41 Scout Tower
06:48 Arcane Vault
06:52 Scout Tower
06:54 Guard Tower
07:02 Guard Tower
07:17 Guard Tower
07:21 Guard Tower
07:35 Scout Tower
07:38 Scout Tower
07:41 Scout Tower
07:43 Scout Tower
08:59 Guard Tower
09:05 Castle
09:28 Farm
09:31 Blacksmith
10:47 Workshop
10:50 Workshop
11:20 Farm
11:22 Farm
11:56 Farm
12:07 Farm
15:25 Farm
15:29 Farm
16:48 Farm
17:51 Farm
» items
| Potion of Lesser Invulnerability | 1 | |
| Scroll of Protection | 1 | |
| Scroll of Regeneration | 2 | |
| Lesser Clarity Potion | 1 | |
| Scroll of Town Portal | 2 | |
| Orb of Fire | 1 | |
8 total
WILT-CHAMBERLAI (
blue | 59 APM | 2700 actions | 45:41)
7 Blademaster
3 Wind Walk
2 Critical Strike
1 Bladestorm
1 Mirror Image
» actions
| Assign group hotkey | 58 | |
| Basic commands | 172 | |
| Build / train | 76 | |
| Enter build submenu | 27 | |
| Enter hero's abilities submenu | 9 | |
| Give item / drop item | 6 | |
| Remove unit from queue | 2 | |
| Right click | 1157 | |
| Select / deselect | 342 | |
| Select group hotkey | 687 | |
| Use ability | 164 | |
2700 total
» units
| Peon | 8 | |
| Grunt | 3 | |
| Goblin Shredder | 5 | |
| Troll Batrider | 11 | |
| Goblin Sapper | 5 | |
| Wind Rider | 6 | |
| Raider | 2 | |
40 total
» upgrades
| Ranged Weapons | 2 | |
| Reinforced Defenses | 1 | |
| Liquid Fire | 1 | |
| Armor | 2 | |
| Ensnare | 1 | |
7 total
» buildings
| Altar of Storms | 1 | |
| Orc Burrow | 7 | |
| Barracks | 1 | |
| Voodoo Lounge | 1 | |
| Stronghold | 2 | |
| War Mill | 1 | |
| Great Hall | 2 | |
| Watch Tower | 34 | |
| Fortress | 1 | |
| Beastiary | 3 | |
53 total
» build order
00:05 Altar of Storms
00:17 Orc Burrow
00:38 Barracks
01:24 Orc Burrow
02:01 Voodoo Lounge
03:12 Stronghold
03:13 Stronghold
03:46 War Mill
04:24 Great Hall
06:00 Watch Tower
06:01 Watch Tower
06:02 Watch Tower
06:02 Watch Tower
06:22 Orc Burrow
06:54 Fortress
07:17 Watch Tower
07:18 Watch Tower
07:18 Watch Tower
07:42 Beastiary
07:48 Beastiary
10:02 Watch Tower
10:05 Watch Tower
10:51 Beastiary
11:39 Watch Tower
14:31 Watch Tower
14:47 Watch Tower
14:47 Watch Tower
14:48 Watch Tower
14:48 Watch Tower
14:48 Watch Tower
14:53 Watch Tower
17:52 Watch Tower
18:01 Watch Tower
18:01 Watch Tower
18:02 Watch Tower
22:45 Orc Burrow
22:46 Orc Burrow
22:46 Orc Burrow
23:48 Watch Tower
23:49 Watch Tower
23:49 Watch Tower
23:49 Watch Tower
23:50 Watch Tower
24:25 Orc Burrow
26:33 Great Hall
26:36 Watch Tower
26:36 Watch Tower
26:36 Watch Tower
26:37 Watch Tower
28:16 Watch Tower
28:16 Watch Tower
28:16 Watch Tower
28:18 Watch Tower
» items
| Healing Salve | 3 | |
| Lesser Clarity Potion | 1 | |
| Staff of Teleportation | 1 | |
| Scroll of Town Portal | 4 | |
| Potion of Lesser Invulnerability | 1 | |
| Scroll of Healing | 1 | |
| Boots of Speed | 1 | |
| Orb of Lightning | 1 | |
| Potion of Healing | 1 | |
14 total

»
jackass420ky (
purple | 30 APM | 711 actions | 23:51)
4 Blademaster
2 Wind Walk
2 Critical Strike
» actions
| Build / train | 72 | |
| Enter build submenu | 12 | |
| Enter hero's abilities submenu | 4 | |
| Give item / drop item | 1 | |
| Right click | 336 | |
| Select / deselect | 229 | |
| Use ability | 57 | |
711 total
» units
| Peon | 8 | |
| Grunt | 4 | |
| Troll Headhunter/Berserker | 24 | |
| Troll Witch Doctor | 9 | |
| Tauren | 3 | |
48 total
» upgrades
| Ranged Weapons | 2 | |
| Armor | 2 | |
| Witch Doctor Training | 2 | |
| Berserker Upgrade | 1 | |
7 total
» buildings
| Altar of Storms | 1 | |
| Orc Burrow | 5 | |
| Barracks | 1 | |
| Voodoo Lounge | 1 | |
| Stronghold | 1 | |
| War Mill | 1 | |
| Fortress | 1 | |
| Spirit Lodge | 1 | |
| Tauren Totem | 1 | |
13 total
» build order
00:06 Altar of Storms
00:08 Orc Burrow
01:03 Barracks
01:26 Voodoo Lounge
02:08 Orc Burrow
02:22 Orc Burrow
03:11 Stronghold
04:29 War Mill
05:41 Fortress
05:47 Spirit Lodge
08:06 Orc Burrow
12:16 Tauren Totem
13:37 Orc Burrow
» items
| Healing Salve | 2 | |
| Lesser Clarity Potion | 3 | |
| Scroll of Speed | 2 | |
| Boots of Speed | 1 | |
| Orb of Lightning | 1 | |
9 total
MexicanPower (
yellow | 16 APM | 740 actions | 45:41)
3 Archmage
1 Summon Water Elemental
1 Blizzard
1 Brilliance Aura
» actions
| Basic commands | 2 | |
| Build / train | 67 | |
| Enter build submenu | 37 | |
| Enter hero's abilities submenu | 3 | |
| Give item / drop item | 3 | |
| Right click | 347 | |
| Select / deselect | 217 | |
| Use ability | 64 | |
740 total
» units
| Peasant | 14 | |
| Footman | 20 | |
| Draenei Darkslayer | 1 | |
| Voidwalker | 1 | |
| Draenei Disciple | 1 | |
| Fel Beast | 1 | |
| Goblin Shredder | 1 | |
39 total
» buildings
| Farm | 8 | |
| Altar of Kings | 2 | |
| Barracks | 2 | |
| Arcane Vault | 2 | |
| Scout Tower | 12 | |
| Arcane Tower | 2 | |
| Town Hall | 8 | |
| Lumber Mill | 2 | |
| Guard Tower | 9 | |
| Keep | 1 | |
48 total
» build order
00:44 Farm
00:47 Altar of Kings
00:57 Barracks
01:16 Farm
01:35 Arcane Vault
02:04 Farm
02:23 Barracks
02:42 Scout Tower
02:49 Farm
03:20 Arcane Tower
03:38 Farm
05:41 Town Hall
05:50 Scout Tower
05:54 Scout Tower
06:18 Lumber Mill
06:36 Arcane Tower
06:48 Scout Tower
07:01 Guard Tower
07:24 Guard Tower
08:07 Arcane Vault
08:52 Scout Tower
08:58 Scout Tower
09:02 Keep
09:29 Guard Tower
09:39 Scout Tower
10:15 Guard Tower
10:20 Scout Tower
11:23 Guard Tower
11:27 Scout Tower
11:44 Scout Tower
11:49 Scout Tower
12:40 Guard Tower
13:03 Guard Tower
13:05 Guard Tower
13:22 Scout Tower
13:54 Guard Tower
15:50 Altar of Kings
16:01 Farm
17:03 Farm
21:33 Town Hall
25:43 Lumber Mill
31:31 Town Hall
32:28 Town Hall
32:34 Town Hall
32:38 Town Hall
33:58 Farm
36:47 Town Hall
37:32 Town Hall
» items
| Scroll of Regeneration | 4 | |
| Lesser Clarity Potion | 2 | |
| Mechanical Critter | 1 | |
| Scroll of Town Portal | 2 | |
| Scroll of Speed | 1 | |
| Staff of Teleportation | 1 | |
| Boots of Speed | 1 | |
12 total
Chat log
(00:08 / All) JamCity: MexicantFlower (homo)
(00:11 / All) WILT-CHAMBERLAI: kobe > jerry west
(00:23 / All) JamCity: pistol pete > kobe
(00:30 / All) DYBALA: lebron
(00:33 / All) JamCity: bird
(00:36 / All) jackass420ky: green sucks
(00:38 / All) DYBALA: curry
(00:43 / All) JamCity: stockton
(00:45 / All) WILT-CHAMBERLAI: lawl nba is shit right now
(00:51 / All) WILT-CHAMBERLAI: these thugs only play 1 on 5
(01:04 / All) DYBALA: thompson
(01:13 / All) WILT-CHAMBERLAI: all thugs and uneducated
(02:02 / All) DYBALA: i suck
(02:12 / All) jackass420ky: he realy does
(02:23 / All) DYBALA: so bad
(02:29 / All) jackass420ky: like alot
(02:55 / All) DYBALA: never won a game before
(03:05 / All) jackass420ky: never seen one before either
(03:42 / Allies) JamCity: no wonder why I had so much gold, shop order didn't go thru
(07:37 / Allies) JamCity: red green lets get it
(10:26 / Allies) JamCity: I'll get bat
(10:38 / Allies) DYBALA: k
(10:42 / Allies) DYBALA: i was bout to ill stop'
(10:58 / Allies) DYBALA: grunt to tauren then
(11:11 / Allies) DYBALA: shams too
(11:19 / Allies) DYBALA: wood?
(13:29 / All) JamCity: mexicant flower (homo
(14:55 / All) JamCity: mexicant flower (homo)
(17:16 / All) WILT-CHAMBERLAI: y ar eu niggers
(17:18 / All) WILT-CHAMBERLAI: worried about my bats
(17:50 / Allies) JamCity: hit that
(18:29 / Allies) mulhaminator54: they are all on this side
(18:32 / Allies) mulhaminator54: all meet and hit
(20:32 / All) WILT-CHAMBERLAI: holy shit
(20:34 / All) WILT-CHAMBERLAI: why isn tit hitting
(21:45 / Allies) DYBALA: meeet
(21:47 / Allies) DYBALA: all
(22:25 / Allies) DYBALA: pink
(22:27 / Allies) DYBALA: why u killing yourself
(22:30 / Allies) JamCity: getting siege and wyvs
(23:51 / All) WILT-CHAMBERLAI: drop idiots
(24:44 / All) DYBALA: blue
(24:47 / All) DYBALA: i see u
(25:59 / All) DYBALA: lol
(26:26 / Allies) acarefreenoob: go?
(26:28 / Allies) mulhaminator54: hit from other side
(26:36 / Allies) acarefreenoob: so much range just go
(26:38 / Allies) acarefreenoob: flying*
(26:39 / Allies) mulhaminator54: LOL
(27:07 / All) DYBALA: wow
(27:09 / All) DYBALA: pink tk
(27:34 / Allies) DYBALA: PINK TK
(28:06 / Allies) DYBALA: gg
(28:08 / Allies) DYBALA: we lost
(28:15 / Allies) mulhaminator54: no we didnt
(28:16 / Allies) mulhaminator54: rebuild
(28:22 / Allies) DYBALA: PINK IS TKING
(28:31 / Allies) mulhaminator54: why?
(28:32 / Allies) acarefreenoob: omg my life is over
(28:48 / Allies) mulhaminator54: why pink?
(29:02 / All) WILT-CHAMBERLAI: suck my didckngiger
(29:06 / Allies) JamCity: why does a bear shit in the woods?
(29:08 / Allies) JamCity: it's in his nature
(29:15 / All) kubanacan: now blue TK
(29:20 / All) kubanacan: u can come back
(29:20 / Allies) mulhaminator54: is ur cock that small
(29:30 / Allies) JamCity: ask your mom she has no complaints
(29:50 / Allies) mulhaminator54: it seems like ur cock is 2 inches
(29:50 / All) DYBALA: this game fucking sucks because of faggots like you
(30:01 / All) JamCity: I don't work with mudslimes
(30:16 / All) JamCity: time to die mudslime
(30:17 / Allies) mulhaminator54: LOL
(30:24 / Allies) mulhaminator54: we still gonna win
(30:32 / Allies) JamCity: that's what you think
(30:42 / Allies) mulhaminator54: lol
(30:45 / Allies) mulhaminator54: do me a favor
(30:51 / Allies) mulhaminator54: go to the store and buy a new ock
(30:53 / Allies) mulhaminator54: cock
(31:10 / Allies) JamCity: what, are you dense? are you retarded or something?
(31:19 / Allies) JamCity: blue is my court jester, we're in this together
(34:41 / All) JamCity: all expos are free on ur side
(35:35 / All) JamCity: I am a sapper expert, you are a sapper novice
(35:53 / All) JamCity: green's here
(36:00 / All) JamCity: but basically gave up like a bitch even though he had mass gold
(36:32 / All) JamCity: 6k gold and lays down like a bitch
(36:40 / All) JamCity: pussy of the year award
(36:44 / All) DYBALA: correct
(36:46 / All) JamCity: he micros his towers to kill teh sapper and attack my hero tho
(37:10 / Allies) mulhaminator54: how did this all start??
(37:21 / All) JamCity: We don't make deals with terrorists
(37:35 / Allies) DYBALA: as soon as i saw him killing his bats i hsould have known
(37:50 / Allies) JamCity: not a damn thing you could do about it though, pussy
(37:59 / Allies) DYBALA: lol big man
(38:01 / Allies) mulhaminator54: lol
(38:02 / Allies) DYBALA: behind a screen
(38:07 / Allies) JamCity: come stop me
(38:08 / Allies) mulhaminator54: its a game who cares
(38:20 / Allies) DYBALA: buddy you clearly have no life
(38:21 / All) JamCity: he's watching himself be sieged, still has the nerve to run his mouth
(38:45 / All) JamCity: I'm the Larry Bird of this game, kid. You're just a rookie to me. understand?
(38:58 / Allies) mulhaminator54: larry bird is old now man
(39:03 / All) DYBALA: lol ok keep thinking that
(39:07 / All) JamCity: I'm prime Larry Legend
(39:13 / All) JamCity: Forever and always
(39:50 / All) DYBALA: i wish i could see your pimpled face behind that screen, talk big for a bitch
(40:04 / All) JamCity: Are you getting upset that you were molested?
(40:08 / All) JamCity: remind you of your childhood?
(40:13 / Allies) mulhaminator54: lol
(40:15 / All) DYBALA: lol
(40:18 / Allies) mulhaminator54: settle down
(40:19 / All) DYBALA: yup
(40:20 / All) JamCity: when your gay dad used to sneak into ur room and do butt stuff?
(40:28 / All) JamCity: sorry for triggering you
(40:29 / All) DYBALA: howd you know man
(40:41 / All) JamCity: I can tell a broken and abused individual when I see one
(40:43 / All) DYBALA: must have had experience with it yourself
(40:52 / All) JamCity: No but your mom told me all about it
(40:58 / All) MexicanPower: blue is killing himself
(41:07 / All) DYBALA: lol great one, what are we in grade 1
(41:30 / All) JamCity: Why? are you upset that you have a new stepdad, son?
(43:04 / Allies) mulhaminator54: you have issues man
(43:07 / Allies) mulhaminator54: where you from?
(43:10 / Allies) mulhaminator54: down south?
(43:14 / Allies) mulhaminator54: Florida i bet
(43:22 / All) JamCity: I live in your mom's bedroom
(43:29 / All) mulhaminator54: no you dont
(43:32 / All) JamCity: yeah I do
(43:36 / All) mulhaminator54: you dont live anywhere cool man
(43:38 / All) JamCity: I'm your new stepdaddy pleasure to meet you
(43:45 / All) mulhaminator54: you live in a rural ass shitty area
(44:18 / All) JamCity: I live in your mom's bedroom and it's hot when I pound her big arab ass while she wears a burqa
(44:21 / All) JamCity: very submissive
(44:30 / All) mulhaminator54: my moms white bro
(44:35 / All) mulhaminator54: get a clue
(44:44 / All) JamCity: She's an arab whore and now she's my arab slut
(44:52 / All) mulhaminator54: lol now she is
(44:56 / All) mulhaminator54: youre an idiot
(45:31 / All) JamCity: Well I'm out of here, time to go fuck my arab slut (orange's mom)
(45:37 / All) JamCity: Good luck, gents